 Dungeon Crawl Stone Soup version 0.25.1-2-g60ff931 (webtiles) character file.

Game seed: 9540620377257211981

165 Gadfly the Grave Robber (level 5, -4/28 HPs)
             Began as a Deep Elf Necromancer on Aug 3, 2020.
             Slain by an orc
             ... wielding a +0 mace
              (9 damage)
             ... on level 3 of the Dungeon.
             The game lasted 00:05:38 (3995 turns).

Gadfly the Grave Robber (Deep Elf Necromancer)      Turns: 3995, Time: 00:05:39

Health: -4/28      AC:  3    Str:  5    XL:     5   Next: 21%
Magic:  14/14      EV: 14    Int: 21    God:
Gold:   97         SH:  0    Dex: 15    Spells: 6/14 levels left

rFire    . . .     SeeInvis .   h - +1 short sword (vamp)
rCold    . . .     Gourm    .   (no shield)
rNeg     . . .     Faith    .   a - +0 robe
rPois    .         Spirit   .   (no helmet)
rElec    .         Reflect  .   (no cloak)
rCorr    .         Harm     .   (no gloves)
MR       .....                  d - +0 pair of boots
Stlth    ++........             (no amulet)
HPRegen  0.09/turn              (no ring)
MPRegen  0.14/turn              (no ring)

@: no status effects
A: no striking features
a: no special abilities


You were on level 3 of the Dungeon.
You were not hungry.

You visited 1 branch of the dungeon, and saw 3 of its levels.

You collected 97 gold pieces.

Inventory:

Hand Weapons
 h - a +1 vampiric short sword (weapon)
Armour
 a - a +0 robe (worn)
 d - a +0 pair of boots (worn)
 e - a +2 hat
Scrolls
 b - a scroll of random uselessness {unknown}
Comestibles
 c - 6 rations
 f - 2 chunks of flesh


   Skills:
 + Level 3.6 Dodging
 - Level 2.4 Stealth
 * Level 5.2 Spellcasting
 * Level 6.2 Necromancy


You had 6 spell levels left.
You knew the following spells:

 Your Spells              Type           Power        Failure   Level  Hunger
a - Pain                  Necr           ####         1%          1    None
b - Vampiric Draining     Necr           ####......   2%          3    ##.....
c - Animate Dead          Necr           N/A          9%          4    ####...

Your spell library contained the following spells:

 Spells                   Type           Power        Failure   Level  Hunger
 Animate Skeleton         Necr           N/A          1%          1    None
 Agony                    Necr           ####....     22%         5    #####..


Dungeon Overview and Level Annotations

Branches:
Dungeon (3/15)

Altars:
Qazlal


Message History

The hobgoblin hits you.
You barely miss the hobgoblin.
The hobgoblin is moderately wounded.
The hobgoblin hits you.
You hit the hobgoblin.
You kill the hobgoblin!
The orc hits you with a +0 mace!
* * * LOW HITPOINT WARNING * * *
You hit the orc.
You feel better.
The orc is moderately wounded.
You barely miss the orc.
The orc is moderately wounded.
The orc hits you with a +0 mace.
* * * LOW HITPOINT WARNING * * *
An orc comes into view. It is wielding a +0 falchion.
The orc moves out of view.
You hit the orc.
You feel better.
The orc is heavily wounded.
The orc hits you with a +0 mace!
You die...

###....#..<..........
#...#................
##.###.##.............
###..###.##.............
(...#.)..##............
#.....######...........
).##### ##.....#.... )##
####o##$### ## #@# # #
### # # # ### ..# ..#
###


You could see an orc.

Vanquished Creatures
  An orc priest (D:3)
  4 adders
  An ooze (D:1)
  3 worms
  A dart slug (D:1)
  2 leopard geckos (D:2)
  7 orcs (D:3)
  3 ball pythons (D:2)
  7 bats
  5 giant cockroaches
  5 goblins
  9 hobgoblins
  12 jackals
  A frilled lizard (D:2)
  4 kobolds
  3 rats
68 creatures vanquished.

Vanquished Creatures (collateral kills)
  A rat (D:3)
1 creature vanquished.

Grand Total: 69 creatures vanquished

Notes
Turn   | Place    | Note
-------+----------+-------------------------------------------
     0 | D:1      | Gadfly the Deep Elf Necromancer began the quest for the
                  | Orb.
     0 | D:1      | Reached XP level 1. HP: 10/10 MP: 6/6
   387 | D:1      | Reached skill level 5 in Necromancy
   387 | D:1      | Reached XP level 2. HP: 11/15 MP: 2/8
  1701 | D:1      | Reached XP level 3. HP: 17/19 MP: 7/10
  1706 | D:1      | Learned a level 3 spell: Vampiric Draining
  2315 | D:2      | HP: 1/28 [poisoned by an adder]
  2323 | D:2      | HP: 1/28 [poisoned by an adder]
  2768 | D:2      | Reached XP level 4. HP: 24/24 MP: 9/12
  2775 | D:2      | Learned a level 4 spell: Animate Dead
  3084 | D:2      | Found a stormy altar of Qazlal.
  3698 | D:3      | Reached skill level 6 in Necromancy
  3848 | D:3      | Reached skill level 5 in Spellcasting
  3848 | D:3      | Reached XP level 5. HP: 11/28 MP: 1/14
  3995 | D:3      | Slain by an orc

Illustrated notes

Levels and vault maps discovered:
D:1:      dpeg_arrival_water_temple_mockup, layout_loops_ring, feat_on_display
D:2:      cheibrodos_helix_gallery, layout_basic, lemuel_crystal_altar,
          minmay_shallow_snake_nest
D:3:      layout_rooms, portal_sewer_entry_f, chequers_ecumenical_altar_simple,
          nrook_loot_triangle

Skill      XL: |  1  2  3  4 |
---------------+-------------+-----
Necromancy     | 5 6 |  6.2
Dodging        | 3 |  3.6
Spellcasting   | 4 5 |  5.2
Stealth        | |  2.4

Action                   |  1- 3 |  4- 6 || total
-------------------------+-------+-------++-------
Melee: Dagger            |    41 |       ||    41
       Short sword       |    29 |   119 ||   148
 Cast: Pain              |    52 |    14 ||    66
       Vampiric Draining |     1 |     7 ||     8
       Animate Dead      |       |     2 ||     2
  Use: Scroll            |     3 |     2 ||     5
       Potion            |     3 |       ||     3
 Stab: Sleeping          |     1 |     1 ||     2
  Eat: Chunk             |     5 |     5 ||    10
Armor: Robe              |    19 |    36 ||    55
       Skin              |    12 |       ||    12
Dodge: Dodged            |    53 |   129 ||   182
